 Dungeon Crawl Stone Soup version 0.24.0-123-gd5b16e6ec5 (webtiles) character file.

Game seed: 17659518108387297612, levelgen mode: deterministic

66 Kobolds4U the Sneak (level 3, -4/16 HPs)
             Began as a Spriggan Conjurer on Dec 21, 2019.
             Slain by Sigmund
             ... wielding a +0 scythe
              (11 damage)
             ... on level 2 of the Dungeon.
             The game lasted 00:05:27 (2269 turns).

Kobolds4U the Sneak (Spriggan Conjurer)             Turns: 2269, Time: 00:05:27

Health: -4/16      AC:  3    Str:  5    XL:     3   Next: 96%
Magic:  5/8        EV: 18    Int: 16    God:
Gold:   73         SH:  0    Dex: 16    Spells: 4/7 levels left

rFire    . . .     SeeInvis +   k - -3 short sword (curse)
rCold    . . .     Gourm    .   (shield restricted)
rNeg     . . .     Faith    .   a - +0 robe
rPois    .         Spirit   .   (helmet restricted)
rElec    .         Reflect  .   d - +0 cloak
rCorr    .         Harm     .   (gloves unavailable)
MR       .....                  (boots unavailable)
Stlth    ++++......             (no amulet)
HPRegen  0.05/turn              (no ring)
MPRegen  0.11/turn              (no ring)

@: very quick
A: very small, unfitting armour, see invisible, herbivore, speed 3, slow
metabolism 2
a: no special abilities


You were on level 2 of the Dungeon.
You were not hungry.

You visited 1 branch of the dungeon, and saw 2 of its levels.

You collected 73 gold pieces.

Inventory:

Hand Weapons
 h - a +0 short sword
 k - a cursed -3 short sword (weapon)
Armour
 a - a +0 robe (worn)
 d - a +0 cloak (worn)
Scrolls
 f - a scroll of identify {unknown}
Potions
 e - 2 potions of invisibility {unknown}
 g - a potion of might {unknown}
 i - a potion of flight {unknown}
 j - a potion of brilliance {unknown}
Comestibles
 c - 6 rations


   Skills:
 - Level 3.0 Dodging
 + Level 6.8 Stealth
 - Level 2.6 Spellcasting
 - Level 2.9 Conjurations


You had 4 spell levels left.
You knew the following spells:

 Your Spells              Type           Power        Failure   Level  Hunger
a - Magic Dart            Conj           ##..         6%          1    #......
b - Searing Ray           Conj           ##....       9%          2    ##.....

Your spell library contained the following spells:

 Spells                   Type           Power        Failure   Level  Hunger
 Dazzling Spray           Conj/Hex       #.....       32%         3    ###....
 Iskenderun's Mystic Bla  Conj           ##......     50%         4    #####..
 Force Lance              Conj/Tloc      #.......     71%         4    #####..
 Fulminant Prism          Conj/Hex       #.........   71%         4    #####..


Dungeon Overview and Level Annotations

Branches:
Dungeon (2/15)

Altars:
Fedhas
Uskayaw

Annotations:
D:2 Sigmund


Innate Abilities, Weirdness & Mutations

You are very small and have problems with some larger weapons.
You are too small for most types of armour.
You have supernaturally acute eyesight. (SInv)
You are a herbivore.
You cover ground extremely quickly.
You need to consume almost no food.


Message History

Confirm with . or Enter, or press ? or * to list all spells.
You don't have enough magic to cast that spell.
Search for what [Enter for "blad", or ? for help]? blad You see here a glowing short sword.
k - a glowing short sword It sticks to your hand!
k - a cursed -3 short sword (weapon)
As you read the scroll labeled LOGOAMASHE, it crumbles to dust.
You feel strangely unstable.
It was a scroll of teleportation.
There is an open door here.
Your magical contamination has completely faded away.
Your surroundings suddenly seem different.
Sigmund shouts!
Sigmund hits you with a +0 scythe!
Ouch! That really hurt!
You closely miss Sigmund.
Sigmund is moderately wounded.
Sigmund hits you with a +0 scythe!
Ouch! That really hurt!
You die...

##### ###### ....# #....#
....####################.##.#####
......@........@@................
......##################.........
##....# #......# ########†...#
.#....# #......# #............
.########......######.#####..†...
........'.†........##.##.........
.########..........##'##.........
÷# #.....................@.# .#
#####....................


You could see Sigmund.

Vanquished Creatures
  An adder (D:2)
  A dart slug (D:1)
  2 leopard geckos (D:2)
  A ball python (D:2)
  6 bats
  6 goblins (D:2)
  2 hobgoblins
  12 jackals (D:2)
  6 kobolds
  7 frilled lizards
  3 rats
47 creatures vanquished.

Notes
Turn   | Place    | Note
-------+----------+-------------------------------------------
     0 | D:1      | Kobolds4U the Spriggan Conjurer began the quest for the
                  | Orb.
     0 | D:1      | Reached XP level 1. HP: 9/9 MP: 5/5
   338 | D:1      | Reached skill level 4 in Stealth
   373 | D:1      | Reached XP level 2. HP: 13/13 MP: 1/6
   423 | D:1      | Learned a level 2 spell: Searing Ray
   919 | D:2      | Reached skill level 5 in Stealth
  1000 | D:2      | Noticed Sigmund
  1020 | D:2      | Reached XP level 3. HP: 16/16 MP: 2/8
  1217 | D:2      | Found a hide-covered altar of Uskayaw.
  1495 | D:2      | Reached skill level 6 in Stealth
  1758 | D:2      | Found a blossoming altar of Fedhas.
  2269 | D:2      | Slain by Sigmund

Levels and vault maps discovered:
D:1:      giann_bridges, layout_basic
D:2:      layout_basic, eat_drink_and_be_merry_uskayaw, fedhas_ov_isle_minmay,
          chequers_ecumenical_altar_grove, uniq_sigmund

Skill      XL: |  1  2  3 |
---------------+----------+-----
Stealth        | 4 5 6 |  6.8
Dodging        | |  3.0
Spellcasting   | |  2.6
Conjurations   | |  2.9

Action                   || total
-------------------------++-------
Melee: Unarmed           ||     2
       Short sword       ||    47
 Cast: Magic Dart        ||    73
       Searing Ray       ||     6
  Use: Scroll            ||     1
 Stab: Sleeping          ||     6
Armor: Robe              ||     7
Dodge: Dodged            ||    84
